 Dungeon Crawl Stone Soup version 0.27.1-35-g4d5d836560 (webtiles) character file.

Game seed: 4432660023724332632

1736 Delamore the Covert (level 9, 0/54 HPs)
             Began as an Octopode Brigand on Apr 6, 2022.
             Was an Initiate of Gozag.
             Slain by a killer bee (9 damage)
             ... on level 8 of the Dungeon.
             The game lasted 00:08:37 (7918 turns).

Delamore the Covert (Octopode Brigand)              Turns: 7918, Time: 00:08:37

Health: 0/54       AC:  1    Str: 14    XL:     9   Next: 5%
Magic:  9/9        EV: 13    Int: 14    God:    Gozag
Gold:   205        SH:  5    Dex: 16    Spells: 8/8 levels left

rFire    . . .     SeeInvis .   u - +3 dagger "Fiukufin" {freeze, rPois rC- Will+ Str+4}
rCold    x . .     Faith    .   (no shield)
rNeg     . . .     Spirit   .   (helmet restricted)
rPois    +         Reflect  +   k - amulet of reflection
rElec    .         Harm     .   (no ring)
rCorr    .         Rampage  .   (no ring)
Will     +....                  (no ring)
Stlth    +++++.....             (no ring)
HPRegen  0.18/turn              (no ring)
MPRegen  0.11/turn              (no ring)
                                (no ring)
                                (no ring)

@: gold aura
A: almost no armour, amphibious, 8 rings, camouflage 1, gelatinous body 1,
(nimble swimmer 1), tentacles
a: Renounce Religion, Potion Petition, Call Merchant, Bribe Branch


You were on level 8 of the Dungeon.
You worshipped Gozag.
Gozag was aware of your devotion.
You visited 2 branches of the dungeon, and saw 9 of its levels.

You collected 668 gold pieces.
You spent 412 gold pieces at shops.
You paid 51 gold pieces to Gozag.

Inventory:

Hand Weapons
 j - a +1 short sword of venom
 r - a +2 dagger of draining
 u - the +3 dagger "Fiukufin" (weapon) {freeze, rPois rC- Will+ Str+4}
   (You found it on level 4 of the Dungeon)

   It freezes those it strikes, dealing additional cold damage.
   It can also slow down cold-blooded creatures.
   Str:       It affects your strength (+4).
   rC:        It makes you vulnerable to cold.
   rPois:     It protects you from poison.
   Will:      It increases your willpower.
 D - a +2 dagger of venom
Missiles
 b - 12 poisoned darts
 c - 2 curare-tipped darts
 l - 7 boomerangs of dispersal
 o - 4 boomerangs
 p - 2 javelins (quivered)
 z - 6 atropa-tipped darts
Jewellery
 i - a ring of fire
 k - an amulet of reflection (around mantle)
Wands
 y - a wand of polymorph (5)
Scrolls
 g - 5 scrolls of teleportation
 h - a scroll of vulnerability
 q - 2 scrolls of amnesia
 s - 2 scrolls of enchant weapon
 v - a scroll of fear
 w - a scroll of fog
 x - 2 scrolls of noise
 A - a scroll of blinking
Potions
 a - a potion of degeneration {unknown}
 e - a potion of lignification
 f - 2 potions of flight
 m - 2 potions of attraction
 n - 2 potions of haste
 B - a potion of heal wounds
 C - a potion of curing


   Skills:
 + Level 2.3 Fighting
 + Level 8.5 Short Blades
 - Level 5.0 Throwing
 + Level 1.4 Dodging
 - Level 10.0 Stealth


You had 8 spell levels left.
You didn't know any spells.
Your spell library contained the following spells:

 Spells                   Type           Power      Damage    Failure   Level
 Blink                    Tloc           N/A        N/A       41%         2
 Manifold Assault         Tloc           0%         N/A       100%        5
 Storm Form               Tmut/Air       0%         N/A       100%        7


Dungeon Overview and Level Annotations

Branches:
Dungeon (8/15)             Temple (1/1) D:4
   Lair: D:8-11

Altars:
Ashenzari
Cheibriados
Dithmenos
Elyvilon
Fedhas
Gozag
Hepliaklqana
Kikubaaqudgha
Makhleb
Nemelex Xobeh
Okawaru
Qazlal
Ru
Sif Muna
Trog
Wu Jian
Yredelemnul
Zin
The Shining One
Lugonu

Shops:
D:2 *(=?

Annotations:
D:4 1 runed translucent door, strmdvr's ghost, amateur TrMo
D:7 2 transporters


Innate Abilities, Weirdness & Mutations

You cannot wear most types of armour.
You are amphibious.
You can wear up to eight rings at the same time.
Your skin changes colour to match your surroundings (Stealth+).
Your rubbery body absorbs attacks. (AC +1, EV +1)
((You are camouflaged near water. (Stealth+)))
You have tentacles for arms and can constrict up to eight enemies at once.


Message History

A death yak comes into view.
You block the killer bee's attack.
A death yak comes into view.
You release your grip on the killer bee.
The killer bee is distracted by your dazzling golden aura.
Throw: 4 javelins
Press: ? - help, Q - select action, (/) - cycle Shift-Dir - straight line, f/p - killer bee
Aim: a killer bee (almost dead, unaware, hasn't noticed you, 36% to hit)
You throw a javelin.
The javelin closely misses the killer bee.
The killer bee buzzes angrily.
The javelin pierces through the death yak but does no damage.
The javelin pierces through the killer bee!
The killer bee is heavily wounded.
The javelin pierces through the death yak!
The death yak is lightly wounded.
The javelin pierces through the death yak.
The death yak is lightly wounded.
A death yak comes into view.
The killer bee is no longer distracted by gold.
The killer bee stings you!
* * * LOW HITPOINT WARNING * * *
The death yak is distracted by your dazzling golden aura.
Throw: 3 javelins
Press: ? - help, Q - select action, (/) - cycle Shift-Dir - straight line, f/p - killer bee
Aim: a killer bee (almost dead, 36% to hit)
You throw a javelin. The javelin misses the killer bee.
The death yak bellows!
The javelin pierces through the death yak but does no damage.
The death yak is no longer distracted by gold.
The javelin pierces through the death yak.
The death yak is lightly wounded.
The javelin closely misses the killer bee.
The javelin pierces through the death yak!
The death yak is lightly wounded.
The javelin pierces through the death yak.
The death yak is lightly wounded.
The killer bee barely misses you. The killer bee stings you!
You die...
Your body crumbles into a pile of gold.

#######.###.###
#.............#
#.............#
#..####.###.#..
#..# #.# #..#
##.## #..# #...# .
##..#
#...##########....
#...#
#......@y.YYOYYY(#
#.#.#
###..#######y.....
#.#.# #..# #....
#.#.# #..# ... $
#.#<# #..# .$
#.#.# ##.#
#.#.#### #.#
#.#....# #.#
#.####.#


You could see 4 death yaks, a two-headed ogre and 2 killer bees.

Vanquished Creatures
  A steam dragon (D:7)
  2 orc warriors
  A sky beast (D:5)
  A phantom (D:6)
  2 kobold brigands
  A bullfrog (D:8)
  4 scorpions
  A wyvern skeleton (D:5)
  2 killer bees (D:8)
  A jelly (D:6)
  A bullfrog zombie (D:6)
  2 centaur zombies (D:6)
  An orc priest (D:5)
  5 hounds
  A bullfrog skeleton (D:6)
  3 centaur skeletons
  An iguana (D:6)
  Jessica (D:2)
  4 orc wizards
  An ufetubus (D:5)
  A worm (D:5)
  15 orcs
  2 ball pythons
  4 endoplasms
  5 giant cockroaches
  7 goblins
  8 hobgoblins
  6 jackals
  2 quokkas (D:1)
  4 bats
  2 frilled lizards (D:3)
  8 kobolds
  7 rats
107 creatures vanquished.

Vanquished Creatures (others)
  5 plants (D:4)
5 creatures vanquished.

Grand Total: 112 creatures vanquished

Notes
Turn   | Place    | Note
-------+----------+-------------------------------------------
     0 | D:1      | Delamore the Octopode Brigand began the quest for the Orb.
     0 | D:1      | Reached XP level 1. HP: 14/14 MP: 1/1
    93 | D:1      | Reached XP level 2. HP: 18/19 MP: 2/2
   287 | D:1      | Reached skill level 6 in Stealth
   549 | D:1      | Reached XP level 3. HP: 18/24 MP: 3/3
   709 | D:2      | Found Owkatar's Weapon Boutique.
   741 | D:2      | Noticed Jessica
   748 | D:2      | Killed Jessica
   997 | D:2      | Found Semn's Jewellery Boutique.
  1009 | D:2      | Reached XP level 4. HP: 24/29 MP: 4/4
  1097 | D:2      | Found Capaz's Assorted Antiques.
  1108 | D:2      | Reached skill level 7 in Stealth
  1207 | D:2      | Found Xioclac's Magic Scroll Shop.
  1211 | D:2      | Bought a scroll of identify for 28 gold pieces
  1471 | D:3      | Found a bloodstained altar of Trog.
  1472 | D:3      | Found an ancient bone altar of Kikubaaqudgha.
  1472 | D:3      | Found a glowing golden altar of the Shining One.
  1472 | D:3      | Found a stormy altar of Qazlal.
  1479 | D:3      | Found a sacrificial altar of Ru.
  1479 | D:3      | Found a sparkling altar of Nemelex Xobeh.
  2066 | D:4      | Found a hazy altar of Hepliaklqana.
  2093 | D:4      | Identified the +3 dagger "Fiukufin" {freeze, rPois rC-
                  | Will+ Str+4}
  2110 | D:4      | Found a staircase to the Ecumenical Temple.
  2166 | D:4      | Noticed a kobold brigand
  2169 | D:4      | Noticed a scorpion
  2219 | Temple   | Entered the Ecumenical Temple
  2424 | Temple   | Became a worshipper of Gozag Ym Sagoz the Greedy
  2451 | D:4      | Killed a kobold brigand
  2452 | D:4      | Reached XP level 5. HP: 4/34 MP: 5/5
  2905 | D:4      | Found a runed translucent door.
  2905 | D:4      | Noticed strmdvr's ghost (amateur TrMo)
  3226 | D:2      | Bought a scroll of fear for 49 gold pieces
  3226 | D:2      | Bought a scroll of fog for 28 gold pieces
  3228 | D:2      | Bought a scroll of identify for 28 gold pieces
  3309 | D:5      | Entered Level 5 of the Dungeon
  3328 | D:5      | Reached skill level 8 in Stealth
  3328 | D:5      | Reached XP level 6. HP: 23/39 MP: 6/6
  4174 | D:5      | Reached XP level 7. HP: 45/45 MP: 7/7
  4271 | D:5      | Found a snail-covered altar of Cheibriados.
  4313 | D:5      | Reached skill level 9 in Stealth
  5070 | D:6      | Reached skill level 5 in Short Blades
  5429 | D:6      | Reached XP level 8. HP: 50/50 MP: 8/8
  5521 | D:6      | Reached skill level 5 in Throwing
  5605 | D:6      | Reached skill level 10 in Stealth
  5999 | D:6      | Found a burning altar of Makhleb.
  5999 | D:6      | Found an ornate altar of the Wu Jian Council.
  6470 | D:2      | Bought a scroll of blinking for 105 gold pieces
  6470 | D:2      | Bought a scroll of noise for 14 gold pieces
  6503 | D:2      | Bought a potion of heal wounds for 100 gold pieces
  6503 | D:2      | Bought a potion of curing for 60 gold pieces
  6988 | D:7      | Found a transporter.
  7126 | D:7      | Found a transporter.
  7766 | D:8      | Reached XP level 9. HP: 44/54 MP: 9/9
  7894 | D:8      | Noticed a death yak
  7904 | D:8      | Noticed a death yak
  7913 | D:8      | Noticed a death yak
  7913 | D:8      | Noticed a two-headed ogre
  7914 | D:8      | Noticed a death yak
  7914 | D:8      | Noticed a death yak
  7916 | D:8      | Noticed a death yak
  7918 | D:8      | Slain by a killer bee

Illustrated notes

Levels and vault maps discovered:
D:1:      wander_arrival_chamber, layout_rooms, minmay_misc_feat_diagonals,
          minivault_26, minmay_pentomino_p4
D:2:      layout_rooms, serial_shops, shop, shop, nicolae_shop_crystal,
          nicolae_shop_crystal, amcnicky_mini_pool_small, uniq_jessica
D:3:      layout_rooms, minmay_overflow_temple_hex
D:4:      layout_basic, mainiacjoe_overflow_brackets,
          minmay_temple_entry_poolview, gammafunk_ghost_grave,
          serial_bayou_crossing
D:5:      layout_basic, kennysheep_little_box, kennysheep_path_1
D:6:      layout_loops_cross, amethyst_overflow_temple_binary,
          kennysheep_nondescript, chequers_serial_rivers_room_a
D:7:      gammafunk_cloud_chamber, layout_loops_cross
D:8:      minmay_chambers_of_fours, layout_loops_ring, dpeg_lair_monsters
Temple:   kb_corrupted_temple

Skill      XL: |  1  2  3  4  5  6  7  8 |
---------------+-------------------------+-----
Stealth        | 6 7 8 9 10 | 10.0
Short Blades   | 3 4 5 8 |  8.5
Throwing       | 3 4 5 |  5.0
Fighting       | |  2.3
Dodging        | |  1.4

Action                   |  1- 3 |  4- 6 |  7- 9 || total
-------------------------+-------+-------+-------++-------
Melee: Dagger            |    42 |    70 |   133 ||   245
       Constrict         |    10 |    16 |    23 ||    49
       Tentacles         |     7 |    17 |    35 ||    59
Throw: Dart              |     1 |     2 |     9 ||    12
       Javelin           |       |       |     4 ||     4
  Use: Scroll            |       |     7 |     2 ||     9
       Potion            |       |     4 |     2 ||     6
 Stab: Sleeping          |    10 |    13 |     9 ||    32
       Distracted        |       |       |     1 ||     1
Armor: Skin              |     6 |     2 |     7 ||    15
Dodge: Dodged            |    11 |    36 |    52 ||    99
Block: Other             |       |       |    10 ||    10
